Map: [ESL] Alcyone

Players

Dark - Winner!

  • Race: Zerg Zerg
  • Spawn Location: 1:00

SKillous

  • Race: Protoss Protoss
  • League: Diamond
  • Spawn Location: 7:00

Event: IEM Katowice 2024

VOD

Have the link to the VOD?

Description

Time

  • Played on: Feb. 10, 2024, 12:25 p.m.
  • Length: 8:54

All games in this series

Show
View Real Time Build Order
Export as new Build Order

Dark Zerg - Winner!

Build Orders: Hatch First, Roach Hydra 

Get SALT Encoding   

  12  0:00  Drone  
  13  0:12  Overlord  
  13  0:17  Drone  
  14  0:31  Drone x2  
  16  0:49  Drone  
  17  0:57  Hatchery  
  17  0:58  Drone  
  17  1:02  Drone  
  18  1:13  Extractor  
  18  1:17  Spawning Pool  
  16  1:20  Drone  
  18  1:25  Drone  
  18  1:28  Drone  
  19  1:40  Drone  
  20  1:49  Drone  
  21  2:04  Zergling x2  
  22  2:08  Queen x2  
  22  2:09  Drone  
  27  2:16  Overlord  
  27  2:17  Metabolic Boost  
  27  2:20  Drone  
  28  2:34  Drone x3  
  31  2:39  Hatchery  
  31  2:42  Zergling x2  
  31  2:48  Queen  
  33  2:52  Overlord  
  33  2:55  Drone  
  33  2:58  Drone  
  35  3:06  Drone  
  35  3:11  Zergling x2  
  37  3:14  Zergling x2  
  37  3:15  Queen  
  37  3:18  Zergling x2, Overlord  
  37  3:19  Drone  
  43  3:20  Drone  
  43  3:22  Drone  
  44  3:36  Queen  
  44  3:37  Overlord  
  44  3:38  Drone x2  
  44  3:39  Spore Crawler  
  48  3:41  Drone  
  48  3:43  Drone  
  48  3:48  Drone  
  50  3:49  Drone  
  50  3:52  Drone x3  
  54  3:57  Drone x3  
  54  4:02  Queen  
  57  4:04  Drone x2  
  57  4:09  Overlord  
  58  4:12  Spore Crawler  
  58  4:16  Drone x2, Overlord  
  58  4:20  Queen  
  59  4:26  Zergling x4  
  59  4:28  Drone x2  
  63  4:35  Zergling x2  
  63  4:37  Drone x3  
  66  4:38  Roach Warren  
  66  4:39  Drone  
  66  4:40  Drone  
  66  4:44  Drone  
  66  4:45  Drone x2  
  70  4:47  Drone  
  71  4:53  Spore Crawler  
  71  4:54  Lair  
  71  4:56  Extractor, Drone x2  
  71  4:57  Extractor  
  71  4:58  Drone  
  71  5:02  Drone x2  
  71  5:04  Overlord  
  71  5:06  Overlord  
  73  5:08  Overlord  
  73  5:11  Overlord  
  73  5:14  Extractor  
  73  5:19  Drone, Overlord  
  73  5:20  Drone, Evolution Chamber  
  73  5:21  Overlord  
  73  5:22  Overlord  
  73  5:24  Drone  
  73  5:25  Drone  
  75  5:28  Zergling x4  
  75  5:29  Drone  
  75  5:31  Drone  
  75  5:33  Drone x2  
  75  5:34  Drone  
  82  5:41  Extractor  
  82  5:42  Drone x2  
  83  5:49  Drone x2  
  84  5:50  Drone  
  84  5:52  Hatchery  
  84  5:54  Glial Reconstitution  
  84  5:55  Zerg Missile Weapons Level 1  
  84  5:56  Extractor, Roach  
  85  6:02  Overseer, Roach x3  
  91  6:06  Drone x2  
  91  6:07  Drone x2  
  95  6:13  Hydralisk Den  
  95  6:17  Roach  
  95  6:18  Roach  
  98  6:21  Roach x4  
  98  6:22  Roach  
  98  6:24  Roach  
  110  6:30  Roach x2  
  110  6:31  Roach  
  116  6:34  Roach  
  116  6:36  Roach  
  116  6:37  Overlord  
  120  6:41  Overlord x2  
  120  6:42  Overlord  
  120  6:50  Grooved Spines  
  120  6:56  Hydralisk x4  
  128  7:07  Drone  
  128  7:08  Drone x2, Hydralisk x6  
  130  7:11  Hydralisk  
  130  7:13  Hydralisk  
  130  7:14  Hydralisk  
  147  7:18  Hydralisk  
  149  7:24  Drone x2  
  149  7:26  Spore Crawler, Overlord x2  
  150  7:36  Roach x5  
  158  7:40  Overlord x2  
  158  7:45  Muscular Augments  
  158  7:46  Roach x4  
  161  7:51  Roach  
  161  7:52  Roach x3  
  161  7:54  Roach  
  171  8:02  Roach x5  
  181  8:07  Roach x3  
  181  8:08  Roach  
  189  8:16  Zergling x2  
  189  8:17  Zergling x4  
  172  8:34  Roach x6  
Show
View Real Time Build Order
Export as new Build Order

SKillous Protoss 

Build Orders: 1 Gate Expand, Oracle Opening, Zealot Archon 

Get SALT Encoding   

  12  0:00  Probe  
  13  0:14  Pylon  
  13  0:17  Probe (Chrono Boost)  
  14  0:27  Probe (Chrono Boost)  
  15  0:32  Probe (Chrono Boost)  
  16  0:38  Gateway  
  16  0:43  Probe  
  16  0:48  Assimilator  
  17  0:55  Pylon  
  17  0:58  Probe  
  18  1:10  Probe  
  19  1:22  Probe  
  20  1:30  Nexus  
  20  1:37  Cybernetics Core  
  20  1:39  Probe  
  21  1:45  Assimilator  
  21  1:51  Probe  
  22  1:55  Pylon  
  22  2:04  Probe  
  23  2:11  Adept (Chrono Boost)  
  25  2:16  Probe  
  25  2:19  Stargate  
  26  2:28  Probe  
  27  2:33  Adept, Warp Gate  
  29  2:42  Probe (Chrono Boost)  
  31  2:47  Probe (Chrono Boost)  
  31  2:51  Probe (Chrono Boost)  
  32  2:54  Probe (Chrono Boost)  
  32  2:56  Probe (Chrono Boost)  
  34  3:00  Oracle (Chrono Boost)  
  34  3:05  Probe  
  40  3:08  Pylon  
  40  3:09  Probe  
  41  3:17  Probe  
  42  3:21  Probe  
  41  3:28  Gateway  
  41  3:29  Probe  
  41  3:33  Void Ray (Chrono Boost)  
  47  3:41  Probe  
  47  3:47  Nexus  
  47  3:52  Probe, Pylon  
  48  4:00  Oracle (Chrono Boost)  
  48  4:01  Probe  
  48  4:04  Pylon  
  48  4:07  Probe  
  50  4:13  Probe  
  50  4:16  Nexus  
  51  4:17  Assimilator  
  51  4:20  Assimilator  
  51  4:23  Twilight Council  
  51  4:25  Probe (Chrono Boost)  
  53  4:32  Probe (Chrono Boost)  
  53  4:35  Probe (Chrono Boost)  
  53  4:37  Adept  
  56  4:39  Forge  
  56  4:40  Probe x2 (Chrono Boost)  
  58  4:49  Robotics Facility  
  58  4:50  Probe  
  58  4:51  Probe  
  60  4:56  Shield Battery  
  60  4:57  Pylon  
  60  5:01  Charge  
  60  5:04  Probe (Chrono Boost)  
  62  5:08  Probe (Chrono Boost)  
  62  5:12  Protoss Ground Weapons Level 1  
  62  5:13  Gateway, Probe (Chrono Boost)  
  63  5:16  Probe (Chrono Boost)  
  63  5:20  Probe  
  64  5:21  Gateway  
  65  5:29  Templar Archives, Probe (Chrono Boost)  
  65  5:30  Probe (Chrono Boost)  
  65  5:35  Probe (Chrono Boost)  
  68  5:38  Gateway  
  68  5:40  Gateway  
  70  5:43  Probe (Chrono Boost)  
  70  5:45  Warp Prism (Chrono Boost)  
  70  5:47  Probe (Chrono Boost)  
  73  5:51  Probe x2 (Chrono Boost)  
  73  5:54  Probe  
  75  5:57  Pylon  
  75  6:01  Probe  
  75  6:02  Assimilator  
  75  6:03  Assimilator  
  76  6:04  Probe  
  76  6:09  Probe  
  76  6:10  Zealot x3  
  84  6:11  Pylon  
  84  6:16  Probe  
  84  6:18  Probe  
  86  6:21  Probe  
  87  6:26  Observer, Pylon  
  87  6:28  Probe  
  87  6:30  Pylon  
  89  6:34  Probe  
  89  6:37  High Templar x4  
  89  6:38  Zealot x2  
  103  6:40  Pylon, Probe  
  103  6:42  Archon x2  
  103  6:46  Probe  
  104  6:47  Immortal  
  108  6:58  Pylon  
  108  7:00  Gateway  
  108  7:01  Gateway, Pylon  
  108  7:05  Probe  
  105  7:14  Nexus  
  105  7:15  Zealot x3  
  109  7:16  Pylon  
  109  7:19  Probe  
  110  7:23  Pylon  
  110  7:31  Zealot x3  
  110  7:37  Immortal (Chrono Boost)  
  110  7:38  Shield Battery  
  110  7:40  Robotics Bay  
  110  7:41  Photon Cannon  
  110  7:43  Sentry x2  
  118  7:45  Shield Battery  
  118  7:48  Photon Cannon  
  118  7:50  Stalker x3  
  124  7:55  Probe  
  124  7:57  Probe  
  124  7:58  Probe  
  127  8:01  Shield Battery  
  127  8:07  Stalker x3  
  127  8:08  Probe  
  127  8:10  Shield Battery  
  134  8:15  Stalker x2  
  126  8:25  Sentry x2, Stalker  
  122  8:32  Stalker x3  
  120  8:38  Stalker x2  
  92  8:51  Gateway  

Tags
 
Add a new tag
Caveats
  • Supply blocks, unpowered buildings, or Contaminate may cause inaccurate times.
  • Supply counts are checked every 10 seconds.